 Dungeon Crawl Stone Soup version 0.29.0-15-g675c0067aa (webtiles) character file.

Game seed: 40205986436179386

72 qw the Chopper (level 4, -3/28 HPs)
             Began as a Gargoyle Fighter on Sept 12, 2022.
             Slain by an ogre
             ... wielding a +0 giant club
              (23 damage)
             ... on level 3 of the Dungeon.
             The game lasted 00:00:39 (1831 turns).

qw the Chopper (Gargoyle Fighter)                   Turns: 1831, Time: 00:00:39

Health: -3/28      AC: 11    Str: 22    XL:     4   Next: 25%
Magic:  4/4        EV: 13    Int:  8    God:
Gold:   135        SH:  4    Dex:  9    Spells: 3/3 levels left

rFire   . . .      SeeInvis .   Y - +0 war axe
rCold   . . .      Faith    .   c - +0 buckler
rNeg    + . .      Spirit   .   b - +0 scale mail
rPois   inf        Reflect  .   (no helmet)
rElec   +          Harm     .   g - +0 cloak
rCorr   .          Rampage  .   (no gloves)
Will    .....                   (no boots)
Stlth   ..........              (no amulet)
HPRegen 0.09/turn               k - +4 ring of evasion
MPRegen 0.09/turn               (no ring)

@: no status effects
A: sickness immunity, AC +3, negative energy resistance 1, electricity
resistance, torment resistance 1, petrification resistance
a: no special abilities


You were on level 3 of the Dungeon.
You visited 1 branch of the dungeon, and saw 3 of its levels.

You collected 135 gold pieces.


Innate Abilities, Weirdness & Mutations

You are immune to sickness and miasma.
Your stone body is resilient. (AC +3)
You are immune to poison.
You resist negative energy. (rN+)
You are resistant to electric shocks. (rElec)
You are resistant to unholy torment.
You are immune to petrification.


   Skills:
 - Level 3.2 Fighting
 + Level 4.0 Axes
 - Level 3.2 Armour
 - Level 3.2 Shields


You had 3 spell levels left.
You didn't know any spells.
Your spell library was empty.

Inventory:

Hand Weapons
 e - a +0 mace
 Y - a +0 war axe (weapon)
Armour
 b - a +0 scale mail (worn)
 c - a +0 buckler (worn)
 g - a +0 cloak (worn)
 i - a +0 chain mail
Jewellery
 k - a +4 ring of evasion (left hand)
Scrolls
 a - a scroll of identify
Potions
 d - 2 potions of might
 f - a potion of curing {unknown}
 h - a potion of haste
 j - a potion of invisibility {unknown}

Dungeon Overview and Level Annotations

Branches:
Dungeon (3/15)

Altars:
Wu Jian


Message History

i - a +0 chain mail You now have 135 gold pieces (gained 10).
An orc comes into view. It is wielding a +0 club.
The orc shouts!
Enter note: An orc comes into view. It is wielding a +0 short sword.
An orc comes into view. It is wielding a +0 hand axe.
An ogre comes into view. It is wielding a +0 giant club.
The orc shouts! x2
An orc wizard comes into view. It is wielding a +0 dagger.
The orc wizard shouts!
You hit the orc.
The orc is heavily wounded.
The orc hits you but does no damage.
You closely miss the orc.
The orc is heavily wounded.
The orc closely misses you. x2
The orc wizard casts a spell.
The orc wizard flickers and vanishes!
Deactivating autopickup; reactivate with Ctrl-A.
You hit the orc.
You kill the orc!
You barely miss the ogre. You hit the orc. You closely miss the orc.
The ogre barely misses you. You block the orc's attack.
You closely miss the orc.
The orc is lightly wounded.
You hit the ogre but do no damage. You barely miss the orc.
The orc completely misses you. The orc barely misses you.
The ogre closely misses you. You block the orc's attack.
The orc completely misses you.
You closely miss the orc.
The orc is lightly wounded.
You barely miss something. You hit the ogre. You slash the orc!
You kill the orc!
You hear some strange, mumbled words.
A puff of flame appears from out of thin air!
The puff of flame hits you! The orc hits you but does no damage.
The ogre hits you with a +0 giant club!!
Ouch! That really hurt!
You die...

## ####### ##...# .
##.....##.....##
..#..............## ###
.................... ..
.....?.............. ..
......o)..........#
......{@..........##
......O............#####
........................
.....................###
.................##.#..#
#.........##...........#
##..##...........##..###
...#..###.###.#.....#
##..#. #.# #.........


You could see an ogre and an orc.

Vanquished Creatures
  2 adders
  A worm (D:2)
  3 dart slugs (D:2)
  2 orcs (D:3)
  5 ball pythons
  6 endoplasms
  A giant cockroach (D:1)
  5 goblins
  6 kobolds
  3 quokkas (D:2)
  3 bats
  3 frilled lizards (D:2)
  3 rats
43 creatures vanquished.

Notes
Turn   | Place    | Note
-------+----------+-------------------------------------------
     0 | D:1      | qw the Gargoyle Fighter began the quest for the Orb.
     0 | D:1      | Reached XP level 1. HP: 14/14 MP: 1/1
     0 | D:1      | 0 ||| qw: Version: 0.1-a-119-g272c26d
     0 | D:1      | 0 ||| qw: Game counter: 10756
     0 | D:1      | 0 ||| qw: Always use a shield: true
     0 | D:1      | 0 ||| qw: God list: Okawaru
     0 | D:1      | 0 ||| qw: Allow faded altars: false
     0 | D:1      | 0 ||| qw: Do Orc after D:15 true
     0 | D:1      | 0 ||| qw: Do second Lair branch before Depths: true
     0 | D:1      | 0 ||| qw: Lair rune preference: random
     0 | D:1      | 0 ||| qw: Plans: Normal, Zot, God:TSO, Crypt, Tomb, Pan,
                  | Slime, Hells, Zig, Abyss, Orb
     0 | D:1      | 0 ||| PLANNING D:1-11
    64 | D:1      | Reached skill level 2 in Axes
   151 | D:1      | Reached XP level 2. HP: 19/19 MP: 2/2
   196 | D:1      | 196 ||| Stepping ~*~*~tactically~*~*~ (stealth).
   346 | D:1      | 346 ||| Stepping ~*~*~tactically~*~*~ (stealth).
   379 | D:1      | 379 ||| Stepping ~*~*~tactically~*~*~ (stealth).
   467 | D:1      | Found a faded altar of an unknown god.
   651 | D:1      | 651 ||| READING 2 scrolls labelled ZEUNEO DURUL.
   652 | D:1      | 652 ||| READING scroll labelled SEOVODAAPT.
   653 | D:1      | 653 ||| DRINKING 2 fizzy silvery potions.
   706 | D:2      | Reached skill level 3 in Axes
   713 | D:2      | Reached XP level 3. HP: 23/23 MP: 3/3
   740 | D:2      | Found an ornate altar of the Wu Jian Council.
  1669 | D:2      | 1669 ||| UPGRADING to +0 cloak.
  1674 | D:2      | 1674 ||| DROPPING amulet of magic regeneration.
  1675 | D:2      | 1675 ||| UPGRADING to +4 ring of evasion.
  1699 | D:3      | 1699 ||| STAIRDANCE
  1704 | D:2      | Reached XP level 4. HP: 21/28 MP: 4/4
  1779 | D:3      | 1779 ||| STAIRDANCE
  1809 | D:3      | Reached skill level 4 in Axes
  1823 | D:3      | Noticed an ogre
  1831 | D:3      | Slain by an ogre

Levels and vault maps discovered:
D:1:      dpeg_arrival_lava_altar, layout_rooms,
          dreamdust_ecumenical_altar_angels_and_demons
D:2:      layout_loops_corners, basic_altar, chequers_serial_rivers_large_b
D:3:      layout_rooms, marbit_many_paths, lemuel_doored_altar

Skill      XL: |  1  2  3  4 |
---------------+-------------+-----
Axes           | 2 3 4 |  4.0
Fighting       | |  3.2
Armour         | |  3.2
Shields        | |  3.2

Action                   |  1- 3 |  4- 6 || total
-------------------------+-------+-------++-------
Melee: War axe           |   112 |    14 ||   126
  Use: Scroll            |     2 |       ||     2
       Potion            |     1 |       ||     1
Armor: Scale mail        |    52 |     4 ||    56
Dodge: Dodged            |    61 |    16 ||    77
Block: Buckler           |    18 |     2 ||    20

Table legend:
 A = Non-vault XP
 B = Vault XP
 C = Vault XP percentage of total XP
 D = Non-vault monster count
 E = Vault monster count
 F = Vault count percentage of total count
                 A         B        C        D         E       F
            +---------+---------+-------+---------+---------+-------
      Total |     106 |       0 |   0.0 |      43 |       0 |   0.0
            +---------+---------+-------+---------+---------+-------
        D:1 |      24 |       0 |   0.0 |      16 |       0 |   0.0
        D:2 |      60 |       0 |   0.0 |      23 |       0 |   0.0
        D:3 |      22 |       0 |   0.0 |       4 |       0 |   0.0
            +---------+---------+-------+---------+---------+-------
